 Dungeon Crawl Stone Soup version 0.30-a0-322-g102857c98e (webtiles) character file.

Game seed: 13875222194563509577

742 Powertoast the Shooter (level 7, -2/57 HPs)
             Began as a Barachi Hunter on Oct 27, 2022.
             Was a Priest of Zin.
             Slain by a centaur
             ... wielding a +4 hand axe
              (6 damage)
             ... on level 4 of the Dungeon.
             The game lasted 00:13:23 (3438 turns).

Powertoast the Shooter (Barachi Hunter)             Turns: 3438, Time: 00:13:24

Health: -2/57      AC:  3    Str: 12    XL:     7   Next: 76%
Magic:  7/7        EV: 13    Int: 10    God:    Zin [***...]
Gold:   172        SH:  0    Dex: 17    Spells: 6/6 levels left

rFire   . . .      SeeInvis .    a - +0 shortbow
rCold   . . .      Faith    .    (shield currently unavailable)
rNeg    . . .      Spirit   .    c - +0 leather armour
rPois   .          Reflect  .    (no helmet)
rElec   .          Harm     .    (no cloak)
rCorr   .          Rampage  .    (no gloves)
Will    .....                    (no boots)
Stlth   ++........               (no amulet)
HPRegen 0.29/turn                (no ring)
MPRegen 0.10/turn                (no ring)

@: slow
A: amphibious, slowness 1, strong legs 1, +LOS
a: Hop, Renounce Religion, Recite, Vitalisation, Imprison, Donate Gold


You were on level 4 of the Dungeon.
You worshipped Zin.
Zin was most pleased with you.
You visited 1 branch of the dungeon, and saw 4 of its levels.
You also visited: Sewer.

You collected 191 gold pieces.
You donated 19 gold pieces to Zin.

Inventory:

Hand Weapons
 a - a +0 shortbow (weapon)
 b - the +8 trident of the Octopus King {venom, rElec rPois}
   (You found it on level 2 of the Dungeon)

   It poisons the flesh of those it strikes.
   rElec:     It insulates you from electricity.
   rPois:     It protects you from poison.
Armour
 c - a +0 leather armour (worn)
Wands
 r - a wand of acid (9)
 w - a wand of mindburst (17)
Scrolls
 f - a scroll of brand weapon
 i - 3 scrolls of teleportation
 j - a scroll of immolation
 o - a scroll of poison
 t - a scroll of enchant weapon {unknown}
 v - a scroll of amnesia
Potions
 d - a potion of haste
 e - a potion of might {unknown}
 g - 3 potions of flight
 h - a potion of berserk rage
 k - 2 potions of attraction
 l - a potion of magic {unknown}
 m - 2 potions of heal wounds
 n - 2 potions of lignification {unknown}
 p - 3 potions of curing
 q - 2 potions of mutation {unknown}
 s - 2 potions of degeneration {unknown}
 u - 2 potions of invisibility {unknown}


   Skills:
 + Level 5.7 Fighting
 + Level 2.5 Polearms
 - Level 7.0 Ranged Weapons
 - Level 4.0 Dodging
 - Level 0.8 Stealth


You had 6 spell levels left.
You didn't know any spells.
Your spell library contained the following spells:

 Spells                   Type           Power      Damage    Failure   Level
 Apportation              Tloc           0%         N/A       43%         1
 Cigotuvi's Dreadful Rot  Necr/Pois/Air  0%         N/A       58%         2
 Sublimation of Blood     Necr           0%         N/A       58%         2
 Dispel Undead            Necr           0%         3d6       99%         4
 Petrify                  Tmut/Erth      0%         N/A       99%         4
 Irradiate                Conj/Tmut      0%         3d11      100%        5
 Death Channel            Necr           0%         N/A       100%        6


Dungeon Overview and Level Annotations

Branches:
Dungeon (4/15)              Sewer (visited)
 Temple: D:4-7

Altars:
Zin


Innate Abilities, Weirdness & Mutations

You are amphibious.
You cover ground slowly.
You can hop short distances.
You have an extended range of vision and can be seen from far away.


Message History

You shoot an arrow. The arrow hits the centaur.
The centaur is moderately wounded.
The centaur shoots an arrow.
The arrow hits you.
You shoot an arrow.
The arrow hits the centaur but does no damage.
The centaur is moderately wounded.
The centaur shoots an arrow.
The arrow hits you!
You shoot an arrow. The arrow hits the centaur.
The centaur is moderately wounded.
The centaur shoots an arrow.
The arrow hits you.
You are too injured to fight recklessly!
You are too injured to fight recklessly!
You are too injured to fight recklessly!
You are too injured to fight recklessly!
Unknown command.
The centaur shoots an arrow.
The arrow hits you!
You are too injured to fight recklessly!
You are too injured to fight recklessly!
You are too injured to fight recklessly!
You are too injured to fight recklessly!
You shoot an arrow. The arrow hits the centaur!
The centaur is almost dead.
The centaur unwields a +0 shortbow.
The centaur wields a +4 hand axe.
The centaur barely misses you.
The centaur kicks you but does no damage.
You shoot an arrow. The arrow closely misses the centaur.
The centaur zaps a wand.
The puff of flame hits you!
* * * LOW HITPOINT WARNING * * *
The centaur closely misses you. x2
You shoot an arrow. The arrow hits the centaur.
The centaur is almost dead.
The centaur barely misses you. The centaur kicks you.
* * * LOW HITPOINT WARNING * * *
The centaur hits you with a +4 hand axe!
* * * LOW HITPOINT WARNING * * *
The centaur kicks you but does no damage.
You shoot an arrow. The arrow barely misses the centaur.
The centaur closely misses you. The centaur barely misses you.
The centaur hits you with a +4 hand axe.
You die...

##......)###.#...#.
#......#..÷...#....
#......##.).#.# ....
#.>.÷..##..)..# ..##
#.#..... #.....# .
#.#.). #..##.##..#
........#.....)..##.
............##......
....#....@?........
. ##.###c##......
... ...# .(... ##..
...... .... ..
........ ..
#.#.#.#.#.###
.........#.#
..#.#.#.#.#.#
..........#


You could see a centaur.

Vanquished Creatures
  A kobold brigand (Sewer)
  A necrophage (D:3)
  A gnoll bouda (D:4)
  2 hounds (D:4)
  Jessica (D:3)
  4 iguanas (D:4)
  Natasha (thrice) (D:2)
  Terence (D:2)
  Robin (D:2)
  6 adders
  4 gnolls (D:4)
  2 river rats
  A shadow imp (D:4)
  7 worms
  3 dart slugs
  3 orcs (D:3)
  6 bats
  7 endoplasms
  5 giant cockroaches
  19 goblins
  14 hobgoblins
  10 jackals
  7 quokkas
  10 ball pythons
  6 frilled lizards
  9 kobolds
  12 rats
146 creatures vanquished.

Vanquished Creatures (others)
  A fungus (D:2)
  2 plants (D:2)
3 creatures vanquished.

Grand Total: 149 creatures vanquished

Notes
Turn   | Place    | Note
-------+----------+-------------------------------------------
     0 | D:1      | Powertoast the Barachi Hunter began the quest for the Orb.
     0 | D:1      | Reached XP level 1. HP: 17/17 MP: 1/1
   127 | D:1      | Reached XP level 2. HP: 23/23 MP: 2/2
   267 | D:1      | Reached XP level 3. HP: 28/28 MP: 3/3
   713 | D:2      | Noticed Terence
   724 | D:2      | Killed Terence
   725 | D:2      | Reached skill level 5 in Ranged Weapons
   725 | D:2      | Reached XP level 4. HP: 5/34 MP: 4/4
   835 | D:2      | Upgraded the game from 0.30-a0-313-gae38170b09 to
                  | 0.30-a0-322-g102857c98e
   851 | D:2      | Found a faded altar of an unknown god.
   888 | D:2      | Got Plato's Handbook of Peregrination
  1000 | D:2      | Prayed at the altar of an unknown god.
  1000 | D:2      | Became a worshipper of Zin the Law-Giver
  1000 | D:2      | Reached * piety under Zin
  1026 | D:2      | Reached ** piety under Zin
  1042 | D:2      | Noticed Robin
  1077 | D:2      | HP: 1/34 [goblin/+0 club[Robin] (4)]
  1086 | D:2      | Killed Robin
  1086 | D:2      | Noticed Natasha
  1087 | D:2      | Reached XP level 5. HP: 11/39 MP: 5/5
  1095 | D:2      | Killed Natasha
  1124 | D:2      | Noticed Natasha
  1127 | D:2      | Killed Natasha
  1242 | D:2      | Found the +8 trident of the Octopus King {venom, rElec
                  | rPois}
  1280 | D:2      | Noticed Natasha
  1287 | D:2      | Killed Natasha
  1350 | D:2      | Reached skill level 6 in Ranged Weapons
  1524 | D:2      | Reached XP level 6. HP: 47/47 MP: 6/6
  1647 | D:3      | Noticed Jessica
  1654 | D:3      | Killed Jessica
  1792 | D:3      | Found a glowing drain.
  1798 | Sewer    | Entered a sewer
  2074 | Sewer    | Found a white marble altar of Elyvilon.
  2178 | D:3      | Reached XP level 7. HP: 53/55 MP: 7/7
  3071 | D:4      | Reached *** piety under Zin
  3086 | D:4      | Reached skill level 1 in Polearms
  3095 | D:4      | Reached skill level 5 in Fighting
  3095 | D:4      | Reached skill level 7 in Ranged Weapons
  3438 | D:4      | Slain by a centaur

Illustrated notes

Levels and vault maps discovered:
D:1:      wander_arrival_estate, layout_basic, minmay_domino_4
D:2:      layout_basic, shapermc_ecumenical_altar_rom_forum, uniq_terence,
          uniq_natasha, uniq_robin
D:3:      layout_loops_cross, gup_sewer_entry_bubbles, chequers_arboretum,
          minmay_fractal_squares_diagonal_5, uniq_jessica
D:4:      layout_cave_pools, serial_glass, glass_columns_c, glass_columns_a

Skill      XL: |  1  2  3  4  5  6  7 |
---------------+----------------------+-----
Dodging        | 3 4 |  4.0
Ranged Weapons | 5 6 7 |  7.0
Fighting       | 3 4 5 |  5.7
Polearms       | 2 |  2.5
Stealth        | |  0.8

Action                   |  1- 3 |  4- 6 |  7- 9 || total
-------------------------+-------+-------+-------++-------
Melee: Trident           |       |     3 |    18 ||    21
 Fire: Shortbow          |   113 |   192 |   111 ||   416
Invok: Recite            |       |     1 |     1 ||     2
       Vitalisation      |       |     1 |       ||     1
 Abil: Hop               |       |     1 |     1 ||     2
  Use: Potion            |       |     2 |       ||     2
       Scroll            |       |     5 |     3 ||     8
Armor: Leather armour    |    13 |    29 |    11 ||    53
Dodge: Dodged            |    58 |    83 |    50 ||   191

Table legend: (Time is in decaauts)
 A = Elapsed time spent in this place.
 B = Non-inter-level travel time spent in this place.
 C = Inter-level travel time spent in this place.
 D = Time resting spent in this place.
 E = Time spent auto-exploring this place.
 F = Levels seen in this place.
 G = Mean time per level.
                   A        B        C        D        E       F      G
               +--------+--------+--------+--------+--------+-----+--------+
         Total |   3944 |   3921 |     23 |    622 |   2385 |   5 |  788.8 |
       Dungeon |   3574 |   3551 |     23 |    484 |   2269 |   4 |  893.5 |
         Sewer |    370 |    370 |      0 |    138 |    116 |   1 |  370.0 |
               +--------+--------+--------+--------+--------+-----+--------+

Top non-repeatable levels by time:
     D:2: 1116 daAuts
     D:3: 1115 daAuts
     D:1: 731 daAuts
     D:4: 610 daAuts
   Sewer: 370 daAuts
